[Event "Titled Tuesday Blitz March 15 Late 2022"]
[White "Awoki, Daniel Teidi"]
[Black "Toncheva, Nadya"]
[WhiteFideId "2100827"]
[BlackFideId "2924056"]
[WhiteElo "2023"]
[BlackElo "1884"]
[Result "0-1"]
[Round "10"]
[TimeControl "180+1"]
[Date "2022.03.16"]
[WhiteClock "0:00:02"]
[BlackClock "0:00:15"]

1. c4 c6 2. g3 d5 3. Bg2 dxc4 4. Nf3 Nf6 5. O-O Bf5 6. a4 e6 7. Ne5 Nbd7 8. Nxc4 Nb6 9. Ne5 Nbd7 10. Nc4 Nb6 11. Ne3 Bg6 12. d3 Bd6 13. Nc3 Nbd5 14. Nc4 Bc7 15. e4 Nb4 16. d4 O-O 17. Bg5 h6 18. Bh4 Qd7 19. Bxf6 gxf6 20. Qd2 Kg7 21. Rad1 f5 22. e5 Nd5 23. Nxd5 cxd5 24. Na3 Qxa4 25. f4 Ba5 26. Qe2 Rac8 27. h4 Rc6 28. h5 Bh7 29. Rf3 Rfc8 30. Rfd3 b5 31. Bf3 b4 32. Nb1 Rc1 33. Nd2 R8c2 34. Qf1 Qa1 35. Rxc1 Rxc1 36. Be2 Rxf1+ 37. Bxf1 Qe1 38. Nf3 Qxg3+ 39. Bg2 Qxf4 40. Rd2 Bg8 41. Rc2 Bb6 0-1


[Site "https://www.chess.com"]

[Event "Titled Tuesday Blitz March 15 Late 2022"]
[White "Aydin, Gulenay"]
[Black "Roberson, Peter T"]
[WhiteFideId "34557431"]
[BlackFideId "412384"]
[WhiteElo "1429"]
[BlackElo "2346"]
[Result "0-1"]
[Round "10"]
[TimeControl "180+1"]
[Date "2022.03.16"]
[WhiteClock "0:00:02"]
[BlackClock "0:01:04"]

1. e4 e5 2. Nf3 Nc6 3. Nc3 Bc5 4. Nxe5 Nxe5 5. d4 Bd6 6. dxe5 Bxe5 7. Bc4 Nf6 8. O-O O-O 9. Re1 d6 10. Bg5 h6 11. Bh4 Be6 12. Bb3 Qd7 13. Qd3 Nh5 14. Bg3 Nxg3 15. hxg3 Rae8 16. Rad1 Bxb3 17. axb3 Kh8 18. f4 Bxc3 19. bxc3 Qc6 20. Re2 Re7 21. Rde1 Rfe8 22. c4 a6 23. Kh2 Re6 24. Qd4 R8e7 25. e5 Qe8 26. Qd5 c6 27. Qd4 dxe5 28. Rxe5 Rxe5 29. Rxe5 Rxe5 30. fxe5 b5 31. cxb5 cxb5 32. g4 a5 33. Kh3 a4 34. bxa4 bxa4 35. c4 a3 36. c5 a2 37. Qb2 Qa4 38. Qa1 Qb3+ 39. Kh2 Qb1 40. Qd4 a1=Q 41. c6 Qxd4 0-1


[Site "https://www.chess.com"]

[Event "Titled Tuesday Blitz March 15 Late 2022"]
[White "Batsiashvili, Nino"]
[Black "Zavgorodniy, Sergiy"]
[WhiteFideId "13602993"]
[BlackFideId "14110148"]
[WhiteElo "2192"]
[BlackElo "2420"]
[Result "1-0"]
[Round "10"]
[TimeControl "180+1"]
[Date "2022.03.16"]
[WhiteClock "0:01:40"]
[BlackClock "0:01:26"]

1. d4 Nf6 2. Nf3 d6 3. c4 Nbd7 4. Nc3 c6 5. e4 e5 6. Be2 Be7 7. O-O O-O 8. Qc2 a6 9. Rd1 Qc7 10. h3 b5 11. Be3 Bb7 12. cxb5 cxb5 13. Rac1 Rfc8 14. dxe5 dxe5 15. Qb3 Nc5 16. Bxc5 Bxc5 17. Nd5 Bxd5 18. exd5 Qb6 19. Nxe5 Bxf2+ 20. Kh1 Ne4 21. Rxc8+ Rxc8 22. Qf3 Qf6 23. Qxe4 1-0


[Site "https://www.chess.com"]

[Event "Titled Tuesday Blitz March 15 Late 2022"]
[White "Bettalli, Francesco"]
[Black "Zhou, Qiyu"]
[WhiteFideId "2816453"]
[BlackFideId "505161"]
[WhiteElo "2216"]
[BlackElo "1925"]
[Result "1-0"]
[Round "10"]
[TimeControl "180+1"]
[Date "2022.03.16"]
[WhiteClock "0:01:44"]
[BlackClock "0:00:02"]

1. d4 Nf6 2. Nc3 d5 3. Bf4 e6 4. e3 Bd6 5. Nf3 O-O 6. Bd3 Bxf4 7. exf4 Nbd7 8. Ne5 c5 9. dxc5 Nxc5 10. O-O Bd7 11. Qf3 Bc6 12. Qh3 Nxd3 13. cxd3 Qb6 14. Rab1 Rac8 15. g4 Qb4 16. Qg3 Nd7 17. Rfe1 Rc7 18. h3 Rfc8 19. f5 exf5 20. gxf5 Nxe5 21. Rxe5 f6 22. Re6 Kh8 23. Rbe1 d4 24. Nd5 Qxe1+ 25. Rxe1 Bxd5 26. Qd6 Bg8 27. Re7 Rc1+ 28. Kh2 R8c2 29. Qxd4 Rf1 30. Kg2 Rcc1 31. Re8 Rg1+ 32. Kf3 h5 33. Qh4 1-0


[Site "https://www.chess.com"]

[Event "Titled Tuesday Blitz March 15 Late 2022"]
[White "Brunner, Nicolas"]
[Black "Kadam, Om Manish"]
[WhiteFideId "620246"]
[BlackFideId "45076294"]
[WhiteElo "2372"]
[BlackElo "1729"]
[Result "0-1"]
[Round "10"]
[TimeControl "180+1"]
[Date "2022.03.16"]
[WhiteClock "0:00:01"]
[BlackClock "0:00:20"]

1. d4 Nf6 2. c4 g6 3. Nc3 d5 4. Bg5 Ne4 5. Bh4 Nxc3 6. bxc3 Bg7 7. Nf3 c6 8. e3 O-O 9. Be2 dxc4 10. Bxc4 Nd7 11. O-O Nb6 12. Bb3 h6 13. h3 a5 14. a4 Nd5 15. Qd2 Be6 16. e4 Nc7 17. Bxe6 Nxe6 18. Rab1 Qd7 19. Rfd1 b5 20. d5 Nc5 21. dxc6 Qxc6 22. axb5 Qxe4 23. b6 Qb7 24. Qe3 Ne4 25. Nd4 Rfc8 26. Rdc1 e6 27. Nb5 Rab8 28. Na7 Rc4 29. Bg3 Ra8 30. Bc7 Nxc3 31. Nb5 Nd5 0-1


[Site "https://www.chess.com"]

[Event "Titled Tuesday Blitz March 15 Late 2022"]
[White "Cagara, Paulina"]
[Black "Donatti, Alvaro"]
[WhiteFideId "1124870"]
[BlackFideId "3000303"]
[WhiteElo "1780"]
[BlackElo "2138"]
[Result "0-1"]
[Round "10"]
[TimeControl "180+1"]
[Date "2022.03.16"]
[WhiteClock "0:01:27"]
[BlackClock "0:01:29"]

1. e4 c5 2. Nc3 e6 3. g3 d5 4. exd5 exd5 5. d4 cxd4 6. Qxd4 Nc6 7. Qxd5 Be6 8. Qxd8+ Rxd8 9. Bb5 Nf6 10. Nge2 Bc5 11. O-O Ke7 12. Bg5 h6 13. Bxf6+ gxf6 14. Rfe1 Nb4 15. Ba4 Rd2 16. Nf4 Nxc2 17. Bxc2 Bxf2+ 18. Kh1 Bxe1 19. Rxe1 Rxc2 20. Ncd5+ Kd6 21. Nxf6 Rxb2 22. a4 Rc8 23. Rd1+ Ke7 24. N6d5+ Bxd5+ 25. Nxd5+ Kf8 26. Ne3 Re8 27. Nf5 h5 28. h3 Kg8 29. g4 hxg4 30. Rg1 Ree2 31. Rxg4+ Kf8 0-1


[Site "https://www.chess.com"]

[Event "Titled Tuesday Blitz March 15 Late 2022"]
[White "Cervantes Landeiro, Thalia"]
[Black "Donchenko, Alexander"]
[WhiteFideId "3520498"]
[BlackFideId "24603295"]
[WhiteElo "2021"]
[BlackElo "2539"]
[Result "1-0"]
[Round "10"]
[TimeControl "180+1"]
[Date "2022.03.15"]
[WhiteClock "0:00:38"]
[BlackClock "0:01:01"]

1. d4 Nf6 2. c4 g6 3. Nc3 d5 4. cxd5 Nxd5 5. e4 Nxc3 6. bxc3 Bg7 7. Nf3 c5 8. Rb1 O-O 9. Be2 cxd4 10. cxd4 Qa5+ 11. Bd2 Qxa2 12. O-O Bg4 13. Bg5 Nc6 14. d5 Bxf3 15. Bxf3 Nd4 16. Rxb7 e6 17. Be7 Rfb8 18. Rxb8+ Rxb8 19. d6 Qa3 20. Qc1 Nxf3+ 21. gxf3 Qxf3 22. d7 Be5 23. Qc8+ Kg7 24. Bf8+ Kg8 25. Bh6+ 1-0


[Site "https://www.chess.com"]

[Event "Titled Tuesday Blitz March 15 Late 2022"]
[White "Chen, Justin"]
[Black "Rosen, Eric"]
[WhiteFideId "2098199"]
[BlackFideId "2032562"]
[WhiteElo "2496"]
[BlackElo "2362"]
[Result "1-0"]
[Round "10"]
[TimeControl "180+1"]
[Date "2022.03.15"]
[WhiteClock "0:00:15"]
[BlackClock "0:00:05"]

1. Nf3 d5 2. e3 Nf6 3. b3 Bf5 4. Bb2 e6 5. c4 c6 6. Nc3 Bd6 7. d4 Nbd7 8. Bd3 Bg6 9. Qc2 O-O 10. Bxg6 hxg6 11. O-O Re8 12. e4 dxe4 13. Nxe4 Nxe4 14. Qxe4 e5 15. dxe5 Nc5 16. Qc2 Bc7 17. Rfe1 Qd7 18. Rad1 Qg4 19. h3 Qh5 20. Bc1 Bxe5 21. b4 Na6 22. g4 Qxh3 23. Nxe5 Nxb4 24. Qb3 Qxb3 25. axb3 Rad8 26. Nf3 Rxe1+ 27. Rxe1 f6 28. Kg2 Kf7 29. Ba3 a5 30. Bxb4 axb4 31. Re3 Rd1 32. Ne1 Rd4 33. Kf3 f5 34. gxf5 gxf5 35. Nd3 b5 36. Nxb4 bxc4 37. Nxc6 Rh4 38. Ne5+ Kf6 39. Nxc4 g5 40. Kg2 Rg4+ 41. Kf1 Rh4 42. Rd3 Rh1+ 43. Kg2 Rb1 44. Ne3 f4 45. Ng4+ Kf5 46. Kf3 Rb2 47. Rd5+ Ke6 48. Rxg5 Rxb3+ 49. Kxf4 Rb4+ 50. Kg3 Rb3+ 51. f3 Ra3 52. Re5+ Kf7 53. Kf4 Kg6 54. Re4 Ra5 55. Re5 Ra4+ 56. Re4 Ra1 57. Ne5+ Kf6 58. Ng4+ Kg6 59. Rc4 Ra6 60. Rc6+ Rxc6 61. Ne5+ Kf6 62. Nxc6 Ke6 63. Nd4+ Kd5 64. Nf5 Ke6 65. Kg5 Kf7 66. f4 Kg8 67. Ng3 Kh7 68. f5 Kg8 69. f6 Kf7 70. Kf5 Kf8 71. Kg6 Kg8 72. f7+ Kh8 73. f8=Q# 1-0


[Site "https://www.chess.com"]

[Event "Titled Tuesday Blitz March 15 Late 2022"]
[White "Chigaev, Maksim"]
[Black "Grischuk, Alexander"]
[WhiteFideId "4108116"]
[BlackFideId "4126025"]
[WhiteElo "2502"]
[BlackElo "2762"]
[Result "0-1"]
[Round "10"]
[TimeControl "180+1"]
[Date "2022.03.15"]
[WhiteClock "0:00:02"]
[BlackClock "0:01:31"]

1. d4 e6 2. Nf3 c5 3. e4 cxd4 4. Nxd4 Nc6 5. Nc3 Nf6 6. a3 Be7 7. Be3 O-O 8. f4 d6 9. Qf3 e5 10. Nf5 Bxf5 11. exf5 d5 12. fxe5 Nxe5 13. Qh3 Nfg4 14. Bd4 Bh4+ 15. Kd1 Bf2 16. Bxe5 Nxe5 17. Bd3 Qg5 18. Rf1 Ng4 19. Nxd5 Rad8 20. f6 g6 21. c4 b5 22. b3 bxc4 23. bxc4 Ne3+ 24. Ke2 Nxd5 25. Kxf2 Nf4 0-1


[Site "https://www.chess.com"]

[Event "Titled Tuesday Blitz March 15 Late 2022"]
[White "Chyngyz, Sultai"]
[Black "Kohler, Aran"]
[WhiteFideId "13803158"]
[BlackFideId "1002856"]
[WhiteElo "1365"]
[BlackElo "2265"]
[Result "0-1"]
[Round "10"]
[TimeControl "180+1"]
[Date "2022.03.16"]
[WhiteClock "0:00:02"]
[BlackClock "0:00:43"]

1. e4 c6 2. d4 d5 3. exd5 cxd5 4. Bd3 a6 5. c3 Nc6 6. Bf4 Nf6 7. Qb3 e6 8. Nd2 Bd6 9. Bg3 O-O 10. Ngf3 Re8 11. Ne5 Bxe5 12. dxe5 Nd7 13. Qc2 Ndxe5 14. Bxh7+ Kh8 15. h4 f5 16. f4 Ng4 17. Bg6 Rf8 18. Nf3 Qf6 19. h5 Ne3 20. Qe2 d4 21. cxd4 Nxd4 22. Nxd4 Qxd4 23. h6 Qb4+ 24. Kf2 Ng4+ 25. Kf1 gxh6 26. a4 Bd7 27. b3 Qxb3 28. Kg1 Kg7 29. Bh5 Qe3+ 30. Qxe3 Nxe3 31. Bf2 Nd5 32. Bd4+ Kh7 33. Rd1 Bxa4 34. Re1 Bd7 35. Be5 Rac8 36. Rh3 Rc2 37. Rg3 Rg8 38. Rxg8 Kxg8 39. Bg6 Bc6 40. Rd1 a5 0-1


[Site "https://www.chess.com"]

[Event "Titled Tuesday Blitz March 15 Late 2022"]
[White "Ciolek, Andreas"]
[Black "Perez Torres, Nabi Isaias"]
[WhiteFideId "12906727"]
[BlackFideId "5120373"]
[WhiteElo "2215"]
[BlackElo "1755"]
[Result "0-1"]
[Round "10"]
[TimeControl "180+1"]
[Date "2022.03.16"]
[WhiteClock "0:00:08"]
[BlackClock "0:00:25"]

1. d4 Nf6 2. Nf3 g6 3. g3 Bg7 4. Bg2 O-O 5. O-O d6 6. b3 c5 7. Bb2 cxd4 8. Nxd4 Nc6 9. Nxc6 bxc6 10. Bxc6 Bh3 11. Bg2 Bxg2 12. Kxg2 Qc7 13. c4 Qc6+ 14. Kg1 Rfd8 15. Nc3 e6 16. Qc2 h5 17. h3 h4 18. g4 Nh7 19. Na4 e5 20. Rad1 Ng5 21. Kh2 Ne6 22. e3 Ng5 23. Rd5 Rac8 24. Qd1 Ne6 25. f4 Nc7 26. Rd3 exf4 27. Bxg7 Kxg7 28. exf4 d5 29. Qa1+ Kg8 30. Rfd1 Re8 31. Qd4 dxc4 32. R3d2 Ne6 33. Qf6 Qf3 34. f5 Qg3+ 35. Kh1 Qxh3+ 36. Kg1 Qxg4+ 37. Kh1 Qh3+ 38. Kg1 Nf4 39. fxg6 Nxg6 40. Rf2 Rc7 41. Rdf1 Rce7 42. Rg2 Kh7 43. Rxg6 fxg6 44. Qg5 Qg3+ 45. Qxg3 hxg3 46. Kg2 cxb3 47. axb3 Re3 48. Rh1+ Kg7 49. Nc5 Rc3 50. Kh3 Rxc5 51. Kg4 Rh5 52. Rg1 g2 53. Rxg2 Re4+ 54. Kf3 Rb4 55. Kf2 Rf5+ 56. Kg1 Rxb3 57. Kh1 Rb6 58. Rg3 Re6 59. Rg2 Re4 60. Kh2 Kf6 61. Kh3 g5 62. Rg1 Rh4+ 63. Kg2 Rff4 64. Kg3 Rhg4+ 65. Kh2 Rxg1 66. Kh3 a5 67. Kh2 Rgg4 68. Kh3 Kf5 69. Kh2 Rf3 70. Kh1 Rh3# 0-1


[Site "https://www.chess.com"]

[Event "Titled Tuesday Blitz March 15 Late 2022"]
[White "Deac, Bogdan-Daniel"]
[Black "Andreikin, Dmitry"]
[WhiteFideId "1226380"]
[BlackFideId "4158814"]
[WhiteElo "2646"]
[BlackElo "2736"]
[Result "0-1"]
[Round "10"]
[TimeControl "180+1"]
[Date "2022.03.15"]
[WhiteClock "0:00:04"]
[BlackClock "0:00:14"]

1. e4 c5 2. Nf3 e6 3. g3 Nc6 4. Bg2 Nf6 5. Qe2 d6 6. O-O e5 7. Nc3 Be7 8. Nd5 Nxd5 9. exd5 Nb4 10. c4 Bf5 11. Ne1 O-O 12. d3 Bg6 13. a3 Na6 14. h4 Nc7 15. f4 exf4 16. Bxf4 Bf6 17. h5 Bf5 18. Bxd6 Qxd6 19. Rxf5 Qxg3 20. Nf3 Ne8 21. d4 cxd4 22. c5 Rc8 23. d6 g6 24. Rd5 Ng7 25. Qf2 Nxh5 26. Rxh5 Qxf2+ 27. Kxf2 gxh5 28. b4 b6 29. Rc1 Rfd8 30. Bh3 Rc6 31. d7 bxc5 32. bxc5 Kf8 33. Ne1 Ke7 34. Nd3 Rxd7 35. Re1+ Kd8 36. Bxd7 Kxd7 37. Rh1 h4 38. Kf3 Re6 39. Nf4 Re3+ 40. Kg4 Kc6 0-1


[Site "https://www.chess.com"]

[Event "Titled Tuesday Blitz March 15 Late 2022"]
[White "Drozdowski, Kacper"]
[Black "Niemann, Hans Moke"]
[WhiteFideId "1136720"]
[BlackFideId "2093596"]
[WhiteElo "2507"]
[BlackElo "2632"]
[Result "1-0"]
[Round "10"]
[TimeControl "180+1"]
[Date "2022.03.15"]
[WhiteClock "0:00:21"]
[BlackClock "0:00:09"]

1. e4 g6 2. d4 Bg7 3. Nc3 a6 4. f4 b5 5. Nf3 Bb7 6. Bd3 d6 7. O-O Nd7 8. Be3 e6 9. e5 Ne7 10. Ne4 Nf5 11. Bf2 h5 12. c3 Bf8 13. a4 d5 14. Neg5 b4 15. a5 bxc3 16. bxc3 Bc6 17. Qe2 Qc8 18. c4 Be7 19. cxd5 Bxd5 20. Bc4 c6 21. Rfc1 Qb7 22. Rab1 Qa7 23. Bxd5 cxd5 24. Rc6 O-O 25. Rbc1 Rfb8 26. h3 Rb4 27. g4 hxg4 28. hxg4 Bxg5 29. gxf5 Bxf4 30. Rc7 Rb7 31. Rc8+ Nf8 32. Be3 Bxe3+ 33. Qxe3 Rb1 34. Rxa8 Rxc1+ 35. Qxc1 Qxa8 36. f6 Nh7 37. Qh6 Qf8 38. Qh4 Qd8 39. Kf2 Qf8 40. Kg3 Qb8 41. Qf4 Kh8 42. Qh6 Qf8 43. Qh4 Kg8 44. Kg2 Qd8 45. Qh6 Nxf6 46. exf6 Qxf6 47. Qe3 Qd8 48. Qc3 Kg7 49. Ne5 Qg5+ 50. Kf2 Qf4+ 51. Ke2 g5 52. Qe3 Qf5 53. Qd3 Qf4 54. Qe3 Qh4 55. Nf3 Qh1 56. Qxg5+ Kf8 57. Qd8+ Kg7 58. Qg5+ Kf8 59. Qd2 Qb1 60. Qc3 Qe4+ 61. Kf2 f6 62. Qc8+ Kf7 63. Qxa6 Qc2+ 64. Qe2 Qa4 65. Qd2 Ke7 66. Qc3 Kf7 67. Ke3 Kg6 68. Qd3+ Kg7 69. a6 Qa5 70. Kf2 Qa2+ 71. Qe2 Qa5 72. Nd2 Qb6 73. Qd3 e5 74. Qa3 Qxd4+ 75. Ke2 Qa7 76. Qd6 d4 77. Qc6 Kg6 78. Qb7 Qc5 79. a7 d3+ 80. Kxd3 Qd4+ 81. Kc2 Qc5+ 82. Kb1 Qg1+ 83. Ka2 Qd4 84. Qe4+ Qxe4 85. Nxe4 f5 86. a8=Q fxe4 87. Qxe4+ Kf6 88. Kb3 Ke6 89. Kc4 Kf6 90. Kd5 Kf7 91. Kxe5 1-0


[Site "https://www.chess.com"]

[Event "Titled Tuesday Blitz March 15 Late 2022"]
[White "Dubov, Daniil"]
[Black "Melkumyan, Hrant"]
[WhiteFideId "24126055"]
[BlackFideId "13302485"]
[WhiteElo "2791"]
[BlackElo "2604"]
[Result "1-0"]
[Round "10"]
[TimeControl "180+1"]
[Date "2022.03.15"]
[WhiteClock "0:00:21"]
[BlackClock "0:00:05"]

1. e4 c6 2. d4 d5 3. e5 Bf5 4. Nf3 e6 5. Be2 Ne7 6. O-O Bg6 7. c4 dxc4 8. Bxc4 Nd7 9. Nc3 Nb6 10. Bd3 Ned5 11. Bxg6 hxg6 12. Ne4 Nc8 13. g3 Be7 14. Kg2 a5 15. h4 a4 16. Bd2 Qb6 17. Rb1 Qa6 18. Qc2 Na7 19. Bg5 Nb5 20. Bd2 Qb6 21. Qc4 Qd8 22. Rfd1 Nb6 23. Qe2 Nd5 24. Rbc1 Qb6 25. Rc4 Qa6 26. Rdc1 Nb6 27. R4c2 Nc7 28. Qe1 Nbd5 29. Bg5 Bf8 30. Rc4 Nb5 31. Qd2 Qa5 32. Qe2 Qa6 33. Qd2 Qa5 34. Qd1 Qa6 35. b3 axb3 36. axb3 Qb6 37. Ra4 Rc8 38. Nfd2 Qc7 39. Nc4 Nb6 40. Qd3 Nd5 41. Ra5 Nb4 42. Qd2 Kd7 43. Qf4 f5 44. exf6 Qxf4 45. Bxf4 gxf6 46. Nb6+ Kd8 47. Nxc8 Kxc8 48. Rxb5 Nd3 49. Ra5 Nxc1 1-0


[Site "https://www.chess.com"]

[Event "Titled Tuesday Blitz March 15 Late 2022"]
[White "Eames, Robert S"]
[Black "Andrews, Todd"]
[WhiteFideId "408743"]
[BlackFideId "2012456"]
[WhiteElo "2105"]
[BlackElo "2301"]
[Result "0-1"]
[Round "10"]
[TimeControl "180+1"]
[Date "2022.03.16"]
[WhiteClock "0:00:58"]
[BlackClock "0:01:26"]

1. e4 c5 2. Nc3 d6 3. d4 cxd4 4. Qxd4 a6 5. b3 Nc6 6. Qd2 g6 7. Bb2 Bg7 8. O-O-O Nf6 9. f3 O-O 10. Nge2 Qa5 11. Kb1 Be6 12. g4 Rfc8 13. h4 b5 14. h5 Ne5 15. Nd4 b4 16. Na4 Nxf3 17. Nxf3 Nxe4 18. Qe1 Nc3+ 19. Bxc3 bxc3 20. hxg6 hxg6 21. Qh4 Rab8 22. Bd3 Qxa4 23. Qh7+ Kf8 24. Ng5 Bxb3 25. cxb3 Rxb3+ 0-1


[Site "https://www.chess.com"]

[Event "Titled Tuesday Blitz March 15 Late 2022"]
[White "Estrada Nieto, Julian"]
[Black "Gatterer, Florian"]
[WhiteFideId "5101018"]
[BlackFideId "811688"]
[WhiteElo "2246"]
[BlackElo "2218"]
[Result "1/2-1/2"]
[Round "10"]
[TimeControl "180+1"]
[Date "2022.03.16"]
[WhiteClock "0:01:13"]
[BlackClock "0:01:09"]

1. e4 e5 2. Nf3 Nc6 3. Bb5 Nf6 4. O-O Nxe4 5. d4 Nd6 6. Bxc6 dxc6 7. dxe5 Nf5 8. Qxd8+ Kxd8 9. Nc3 Ke8 10. Rd1 Be7 11. h3 h5 12. Bg5 Be6 13. Bxe7 Kxe7 14. Rd2 Rad8 15. Rad1 Rxd2 16. Rxd2 Rd8 17. Rxd8 Kxd8 18. b3 Ke7 19. Kf1 b6 20. Ke2 c5 21. Kd3 a6 22. Ng5 Bd7 23. Nd5+ Kf8 24. Nxc7 Bc6 25. g3 h4 26. g4 Ne7 27. c4 Ng6 28. e6 f6 29. Ne4 Nf4+ 30. Ke3 Nxh3 31. f3 Bxe4 32. fxe4 a5 33. Nd5 Ng5 34. Nf4 h3 1/2-1/2


[Site "https://www.chess.com"]

[Event "Titled Tuesday Blitz March 15 Late 2022"]
[White "Fedoseev, Vladimir"]
[Black "Indjic, Aleksandar"]
[WhiteFideId "24130737"]
[BlackFideId "911925"]
[WhiteElo "2726"]
[BlackElo "2616"]
[Result "1-0"]
[Round "10"]
[TimeControl "180+1"]
[Date "2022.03.15"]
[WhiteClock "0:00:42"]
[BlackClock "0:01:02"]

1. Nf3 d5 2. g3 Nd7 3. d4 Nb6 4. Nc3 Bf5 5. Nh4 Bg4 6. h3 Bh5 7. Ng2 e6 8. Nf4 Bg6 9. Bg2 Nf6 10. a3 c6 11. Nxg6 hxg6 12. e4 a6 13. e5 Nfd7 14. Ne2 c5 15. c3 Be7 16. O-O Qc7 17. b3 a5 18. a4 c4 19. bxc4 Nxc4 20. h4 b5 21. axb5 Ndb6 22. Nf4 a4 23. Qd3 Qd7 24. Bh3 g5 25. Nxe6 fxe6 26. Qg6+ Kd8 27. Bxe6 Qe8 28. Bf7 Qxb5 29. Rb1 Qa6 30. Qxg7 Rf8 31. Bxg5 Rxf7 32. Qxf7 Bxg5 33. hxg5 Qa7 34. Qf6+ Kc7 35. g6 Qb8 36. Rb5 a3 37. Qf7+ Kd8 38. g7 1-0


[Site "https://www.chess.com"]

[Event "Titled Tuesday Blitz March 15 Late 2022"]
[White "Fishbein, Mitch"]
[Black "Srihari L R"]
[WhiteFideId "30922917"]
[BlackFideId "46617116"]
[WhiteElo "1939"]
[BlackElo "2121"]
[Result "0-1"]
[Round "10"]
[TimeControl "180+1"]
[Date "2022.03.15"]
[WhiteClock "0:00:28"]
[BlackClock "0:00:51"]

1. d4 d6 2. e4 Nf6 3. Bd3 e5 4. c3 d5 5. dxe5 dxe4 6. Bc2 Qxd1+ 7. Bxd1 Ng4 8. Bf4 Nc6 9. Nd2 Ngxe5 10. Bxe5 Nxe5 11. Bc2 f5 12. f3 e3 13. Nf1 f4 14. g3 fxg3 15. hxg3 Bc5 16. Ke2 Bd7 17. a4 O-O-O 18. Rd1 Be6 19. Rxd8+ Rxd8 20. Nxe3 Bxe3 21. Kxe3 Nc4+ 22. Kf4 h6 23. Ne2 g5+ 24. Ke4 Bd5+ 25. Kf5 Ne3+ 26. Ke5 Nxc2 27. Rxh6 Bxf3 28. Nd4 Nxd4 29. cxd4 Rd5+ 30. Ke6 Rd6+ 0-1


[Site "https://www.chess.com"]

[Event "Titled Tuesday Blitz March 15 Late 2022"]
[White "Foisor, Sabina-Francesca"]
[Black "Clawitter, Craig"]
[WhiteFideId "1212915"]
[BlackFideId "2023105"]
[WhiteElo "2243"]
[BlackElo "2236"]
[Result "0-1"]
[Round "10"]
[TimeControl "180+1"]
[Date "2022.03.16"]
[WhiteClock "0:00:22"]
[BlackClock "0:00:12"]

1. d4 e6 2. c4 Nf6 3. Nc3 d5 4. cxd5 exd5 5. Bg5 c6 6. e3 Be7 7. Bd3 Nbd7 8. Qc2 O-O 9. Nge2 Re8 10. O-O Nf8 11. f3 g6 12. Bh4 Ne6 13. Bf2 b5 14. Rad1 Bd7 15. Kh1 Rc8 16. e4 b4 17. Nb1 c5 18. Qd2 dxe4 19. fxe4 Ng4 20. Bg1 Bg5 21. Qe1 cxd4 22. Nxd4 Nxd4 23. Bxd4 Ba4 24. b3 Qxd4 25. bxa4 Ne3 26. Qf2 Qg7 27. Nd2 Nxd1 28. Rxd1 Red8 29. Nf3 Rc1 30. Rxc1 Bxc1 31. Bf1 Qc3 32. h3 Be3 33. Qe2 Bf4 34. Qc4 Qxc4 35. Bxc4 Rd1+ 36. Ng1 Be3 37. Kh2 Rxg1 38. Kg3 Rc1 39. Bb3 Bd4 40. Kf3 Be5 41. Ke3 Rc3+ 42. Kd2 Kg7 43. g4 Kf6 44. a3 Rxb3 45. axb4 Rxb4 0-1


[Site "https://www.chess.com"]

[Event "Titled Tuesday Blitz March 15 Late 2022"]
[White "Hambleton, Aman"]
[Black "Prohorov, Olexandr"]
[WhiteFideId "2606577"]
[BlackFideId "14105578"]
[WhiteElo "2552"]
[BlackElo "1993"]
[Result "0-1"]
[Round "10"]
[TimeControl "180+1"]
[Date "2022.03.16"]
[WhiteClock "0:00:01"]
[BlackClock "0:00:19"]

1. d4 Nf6 2. c4 g6 3. Nc3 Bg7 4. e4 c5 5. d5 d6 6. Bd3 O-O 7. h3 e6 8. Nf3 exd5 9. cxd5 Re8 10. O-O a6 11. a4 b6 12. Bf4 Qc7 13. Re1 Nbd7 14. Bh2 Ne5 15. Nxe5 dxe5 16. g4 Rf8 17. f3 Ne8 18. Kg2 Nd6 19. b3 Bd7 20. Qe2 Qb7 21. Bg1 Rfc8 22. Be3 b5 23. axb5 axb5 24. Rxa8 Qxa8 25. Nxb5 Bxb5 26. Bxb5 Qa5 27. Bc4 Ra8 28. Rc1 Bf8 29. Bd2 Qa3 30. Rc2 Be7 31. Bc3 Ra7 32. Bxe5 Qb4 33. Bc3 Qb8 34. e5 Nxc4 35. bxc4 Ra3 36. d6 Bf8 37. Qe4 Bg7 38. f4 h6 39. Be1 Qb3 40. Bc3 Qb1 41. d7 Qd1 0-1


[Site "https://www.chess.com"]

[Event "Titled Tuesday Blitz March 15 Late 2022"]
[White "Hess, Robert"]
[Black "Fishbein, Alexander"]
[WhiteFideId "2022036"]
[BlackFideId "2000377"]
[WhiteElo "2557"]
[BlackElo "2442"]
[Result "0-1"]
[Round "10"]
[TimeControl "180+1"]
[Date "2022.03.15"]
[WhiteClock "0:00:01"]
[BlackClock "0:00:37"]

1. b3 c5 2. Bb2 Nc6 3. e3 Nf6 4. h3 e6 5. d3 d5 6. Nd2 Be7 7. g4 h6 8. Ne2 b6 9. Ng3 Bb7 10. Qe2 Bd6 11. f4 d4 12. Nc4 dxe3 13. Nxd6+ Qxd6 14. Qxe3 Nd4 15. O-O-O Bxh1 16. Nxh1 Nd5 17. Qg1 Qxf4+ 18. Kb1 O-O 19. Bg2 Ne2 20. Qe1 Qe3 21. Nf2 Rad8 22. Ne4 Nef4 23. Qf1 Qe2 24. Bf3 Qxf1 25. Rxf1 Nxh3 26. Ng3 Ng5 27. Bh1 Ne3 28. Rg1 f6 29. Nh5 e5 30. c4 Rxd3 31. Bc1 Rd1 32. Rxd1 Nxd1 33. Bd5+ Kh8 34. Kc2 Nf2 35. Ng3 Nxg4 36. Nf5 e4 37. Ne7 Ne5 38. Bf4 Re8 39. Nf5 Kh7 40. Nd6 Rd8 41. Nb5 a6 42. Nc7 h5 43. Nxa6 h4 44. Nc7 h3 45. Bxg5 fxg5 46. Bxe4+ Kh6 47. Nd5 g4 48. Ne3 Kg5 49. Bd5 g3 0-1


[Site "https://www.chess.com"]

[Event "Titled Tuesday Blitz March 15 Late 2022"]
[White "Holt, Conrad"]
[Black "Golubka, Petro"]
[WhiteFideId "2034387"]
[BlackFideId "14114224"]
[WhiteElo "2586"]
[BlackElo "2346"]
[Result "1-0"]
[Round "10"]
[TimeControl "180+1"]
[Date "2022.03.15"]
[WhiteClock "0:00:19"]
[BlackClock "0:00:09"]

1. d4 Nf6 2. c4 g6 3. Nc3 c5 4. d5 Bg7 5. e4 d6 6. h3 O-O 7. Nf3 b5 8. cxb5 a6 9. a4 axb5 10. Bxb5 Ba6 11. Bxa6 Nxa6 12. O-O Nb4 13. Qe2 Qb6 14. Bg5 Rfc8 15. Rfd1 h6 16. Bf4 c4 17. e5 dxe5 18. Nxe5 Nd3 19. Nxd3 cxd3 20. Rxd3 Rc4 21. Be5 Rb4 22. Rd2 Qb7 23. d6 e6 24. Rad1 Nd7 25. Bxg7 Kxg7 26. Ra1 Ra5 27. Ra3 h5 28. Ra2 h4 29. Qe3 Qa7 30. Qxa7 Rxa7 31. a5 Ra6 32. Ra3 f5 33. Na2 Rb5 34. b4 e5 35. Rc3 Kf6 36. Rc4 e4 37. Nc3 Rb8 38. Nd5+ Ke5 39. Nc7 Rxd6 40. Rxd6 Kxd6 41. b5 Ne5 42. Rc2 Nd3 43. a6 Rc8 44. b6 Nb4 45. Nb5+ Kd7 46. Rd2+ Ke7 47. b7 Rc1+ 48. Kh2 Nxa6 49. Ra2 Nb8 50. Ra8 Nd7 51. b8=Q Nxb8 52. Rxb8 Rb1 53. Nd4 Rxb8 54. Nc6+ Kd6 55. Nxb8 g5 56. Kg1 Ke5 57. Nc6+ Kd6 58. Nd4 Ke5 59. Ne2 f4 60. f3 e3 61. Kf1 Kd5 62. Ke1 Kc4 63. Kd1 Kb3 64. Kc1 Kc4 65. Kc2 Kc5 66. Kc3 Kd5 67. Kd3 Ke5 68. Kc4 Ke6 69. Kd4 Kf6 70. Kd5 Kf5 71. Kd6 Kf6 72. Kd5 Kf5 73. Nc3 Kf6 74. Kd6 Kf5 75. Ne2 Kf6 76. Nd4 Kg6 77. Ke5 Kg7 78. Kf5 Kh6 79. Kf6 Kh5 80. Kg7 g4 81. fxg4+ Kg5 82. Nf3# 1-0


[Site "https://www.chess.com"]

[Event "Titled Tuesday Blitz March 15 Late 2022"]
[White "Ibarra Jerez, Jose Carlos"]
[Black "Yoo, Christopher Woojin"]
[WhiteFideId "2226332"]
[BlackFideId "30909694"]
[WhiteElo "2626"]
[BlackElo "2105"]
[Result "1-0"]
[Round "10"]
[TimeControl "180+1"]
[Date "2022.03.15"]
[WhiteClock "0:01:28"]
[BlackClock "0:01:06"]

1. c4 Nf6 2. Nc3 e6 3. e4 c5 4. Nf3 Nc6 5. d4 cxd4 6. Nxd4 Qc7 7. a3 Nxd4 8. Qxd4 Bc5 9. Qd3 O-O 10. b4 Be7 11. Be3 b6 12. f4 Bb7 13. Be2 Rfd8 14. Rc1 Rac8 15. O-O Qb8 16. Bd4 Qa8 17. Bf3 d6 18. h3 Bc6 19. Qe2 Qb7 20. b5 1-0


[Site "https://www.chess.com"]